 Dungeon Crawl Stone Soup version 0.24.0-37-gcf1ca852f1 (webtiles) character file.

Game seed: 5385873888845213298, levelgen mode: deterministic

171 kamilLOL25 the Magician (level 5, -2/36 HPs)
             Began as a Human Wizard on Nov 25, 2019.
             Slain by an adder (5 damage)
             ... on level 3 of the Dungeon.
             The game lasted 00:28:34 (4061 turns).

kamilLOL25 the Magician (Human Wizard)              Turns: 4061, Time: 00:28:36

Health: -2/36      AC:  5    Str:  8    XL:     5   Next: 81%
Magic:  10/10      EV: 12    Int: 19    God:
Gold:   98         SH:  0    Dex: 11    Spells: 6/11 levels left

rFire    . . .     SeeInvis .   j - +4 spear
rCold    . . .     Gourm    .   (no shield)
rNeg     . . .     Faith    .   k - +0 leather armour (curse)
rPois    .         Spirit   .   b - +1 hat
rElec    .         Reflect  .   (no cloak)
rCorr    .         Harm     .   (no gloves)
MR       .....                  f - +0 pair of boots
Stlth    ++........             (no amulet)
HPRegen  0.12/turn              (no ring)
MPRegen  0.12/turn              (no ring)

@: lethally poisoned (-2 -> -5)
A: no striking features
a: no special abilities


You were on level 3 of the Dungeon.
You were not hungry.

You visited 1 branch of the dungeon, and saw 3 of its levels.

You collected 98 gold pieces.

Inventory:

Hand Weapons
 j - a +4 spear (weapon)
 l - a +5 dagger
Missiles
 c - 7 javelins
 e - 47 stones (quivered)
 g - 75 arrows
Armour
 a - a +0 robe
 b - a +1 hat (worn)
 f - a +0 pair of boots (worn)
 k - a cursed +0 leather armour (worn)
 n - a cursed +0 ring mail
Scrolls
 m - a scroll of identify
Comestibles
 d - 4 rations


   Skills:
 + Level 0.8 Fighting
 + Level 1.3 Short Blades
 + Level 0.9 Polearms
 + Level 0.3 Throwing
 + Level 0.2 Armour
 + Level 3.0 Dodging
 + Level 2.4 Stealth
 + Level 0.5 Unarmed Combat
 + Level 3.7 Spellcasting
 + Level 1.5 Conjurations
 + Level 1.8 Summonings
 + Level 1.0 Translocations


You had 6 spell levels left.
You knew the following spells:

 Your Spells              Type           Power        Failure   Level  Hunger
a - Magic Dart            Conj           #...         11%         1    None
b - Call Imp              Summ           ##......     14%         2    ##.....
c - Blink                 Tloc           N/A          21%         2    ##.....

Your spell library contained the following spells:

 Spells                   Type           Power        Failure   Level  Hunger
 Slow                     Hex            #.......     30%         2    ##.....
 Conjure Flame            Conj/Fire      #.......     41%         3    ###....
 Mephitic Cloud           Conj/Pois/Air  #.......     43%         3    ###....


Dungeon Overview and Level Annotations

Branches:
Dungeon (3/15)

Altars:


Message History

The adder bites you.
Throwing (i - inventory. (/) - cycle)
e - 48 stones (quivered)
Press: ? - help, Shift-Dir - straight line, f/p - adder
Aim: an adder You throw a stone.
The stone hits the adder but does no damage.
You hear a splash.
The adder bites you.
* * * LOW HITPOINT WARNING * * *
You hit the adder.
The adder is moderately wounded.
The adder bites you.
* * * LOW HITPOINT WARNING * * *
You are lethally poisoned!
The adder poisons you! The adder bites you but does no damage.
You hit the adder.
The adder is almost dead.
* * * LOW HITPOINT WARNING * * *
You feel sick. The adder bites you.
You die...

###.≈≈≈≈≈≈≈...≈≈≈≈≈≈≈.# #..
.....≈≈≈≈#≈.<♣)≈≈≈≈≈..# ###
###.≈≈≈≈≈≈≈))(≈)≈≈#≈≈## #######
#.≈≈≈≈≈≈≈≈.≈≈≈≈≈≈≈≈# #...5.#
.....≈#≈≈≈≈≈.≈≈≈≈≈≈≈## #.###S#
###...≈≈≈≈.≈..≈#≈≈(.## #.# #.#
#..#≈≈≈≈≈(..≈≈≈#≈#.# #o###o#
......≈≈≈≈≈≈≈≈S#≈##.# #.#...o
#......#.≈#≈≈≈#≈@###.######.#.#.#
##...#..##≈≈.#≈#..##..5[.)..#.#.#
....### ###..##.########.[...[.#
#.. ..# #...#.### #####.# ##.####
#.# #.# #.# #.# #.# #.# #..


You could see an adder.

Vanquished Creatures
  2 adders
  2 dart slugs
  5 leopard geckos
  3 orcs (D:3)
  10 bats
  2 giant cockroaches (D:2)
  7 hobgoblins
  7 jackals
  A quokka (D:2)
  A ball python (D:2)
  3 frilled lizards
  6 goblins
  2 kobolds (D:1)
  6 rats
57 creatures vanquished.

Vanquished Creatures (collateral kills)
  2 orc priests (D:3)
  3 adders
  A worm (D:2)
  7 dart slugs
  5 orcs (D:3)
  2 goblins
  A hobgoblin (D:2)
  5 jackals
  A kobold (D:2)
  5 bats
  A rat (D:2)
33 creatures vanquished.

Grand Total: 90 creatures vanquished

Notes
Turn   | Place    | Note
-------+----------+-------------------------------------------
     0 | D:1      | kamilLOL25 the Human Wizard began the quest for the Orb.
     0 | D:1      | Reached XP level 1. HP: 13/13 MP: 4/4
   535 | D:1      | Reached XP level 2. HP: 19/19 MP: 0/6
  1104 | D:1      | Reached XP level 3. HP: 24/24 MP: 2/7
  1192 | D:1      | Learned a level 2 spell: Call Imp
  2151 | D:2      | Learned a level 2 spell: Blink
  2477 | D:2      | Reached XP level 4. HP: 30/30 MP: 5/8
  3223 | D:2      | Reached skill level 1 in Short Blades
  3378 | D:3      | Reached XP level 5. HP: 24/36 MP: 1/10
  3963 | D:3      | HP: 1/36 [poisoned by an adder]
  4061 | D:3      | Slain by an adder

Levels and vault maps discovered:
D:1:      minmay_arrival_shattered_statue, layout_loops_corners, serial_forest,
          infiniplex_forest_straight_1, infiniplex_forest_clump_diagonal,
          infiniplex_forest_clump_C, infiniplex_forest_end_3,
          infiniplex_forest_clump_medium, hangedman_decor_slide_cut,
          minmay_pentomino_v2
D:2:      layout_loops_corners, minmay_goblin_kobold_house
D:3:      kennysheep_slugbush, layout_loops_corners, first_ration

Skill      XL: |  1  2  3  4  5 |
---------------+----------------+-----
Short Blades   | 1 |  1.3
Dodging        | 3 |  3.0
Fighting       | |  0.8
Polearms       | |  0.9
Throwing       | |  0.3
Armour         | |  0.2
Stealth        | |  2.4
Unarmed Combat | |  0.5
Spellcasting   | |  3.7
Conjurations   | |  1.5
Summonings     | |  1.8
Translocations | |  1.0

Action                   |  1- 3 |  4- 6 || total
-------------------------+-------+-------++-------
Melee: Unarmed           |    34 |       ||    34
       Club              |    25 |       ||    25
       Dagger            |    42 |    51 ||    93
       Spear             |       |    37 ||    37
       Punch             |       |     1 ||     1
Throw: Stone             |       |    14 ||    14
 Cast: Magic Dart        |    36 |    12 ||    48
       Call Imp          |     9 |    24 ||    33
  Use: Potion            |     2 |     3 ||     5
       Scroll            |     4 |     7 ||    11
 Stab: Distracted        |       |     1 ||     1
  Eat: Chunk             |     2 |       ||     2
       Ration            |     1 |     2 ||     3
Armor: Robe              |    44 |    27 ||    71
       Leather armour    |       |    13 ||    13
Dodge: Dodged            |   156 |   119 ||   275
